DSL
DSL HOUSTON ASTROS @ DSL PITTSBURGH PIRATES
07/16/2041
 
TOP OF THE 1ST
DSL Houston Astros batting - Pitching for DSL Pittsburgh Pirates : LHP Oscar Ayers
Pitching: LHP Oscar Ayers
Batting: RHB Dave Byers 0-0: Ball
1-0: Ground out 4-3 (Groundball, 4M, EV 82.5 MPH)
Batting: RHB Gabe Hurt 0-0: Ball
1-0: Swinging Strike
1-1: Ball
2-1: Ball
3-1: Called Strike
3-2: Strikes out swinging
Batting: RHB Hugh Burns 0-0: Ball
1-0: Ball
2-0: Ball
3-0: Base on Balls
Batting: RHB Rob Wilson 0-0: Called Strike
0-1: Called Strike
0-2: Foul Ball, location: 5F
0-2: Ball
1-2: Ball
2-2: Ball
3-2: Fly out, F3 (Popup, 3S, EV 83.1 MPH)
Top of the 1st over - 0 runs, 0 hits, 0 errors, 1 left on base; DSL Houston 0 - DSL Pittsburgh 0
BOTTOM OF THE 1ST
DSL Pittsburgh Pirates batting - Pitching for DSL Houston Astros : LHP Alex Wilson
Pitching: LHP Alex Wilson
Batting: RHB Héctor Pueblo 0-0: Ball
1-0: Ball
2-0: Ball
3-0: Called Strike
3-1: Ground out 6-3 (Groundball, 6, EV 84.4 MPH)
Batting: SHB Ryoma Silva 0-0: Swinging Strike
0-1: Foul Ball, location: 7LSF
0-2: Strikes out swinging
Batting: LHB Jake Abreu 0-0: Ball
1-0: Fly out, F5 (Popup, 5SF, EV 68.1 MPH)
Bottom of the 1st over - 0 runs, 0 hits, 0 errors, 0 left on base; DSL Houston 0 - DSL Pittsburgh 0
TOP OF THE 2ND
DSL Houston Astros batting - Pitching for DSL Pittsburgh Pirates : LHP Oscar Ayers
Batting: RHB Randy Warner 0-0: Ball
1-0: Called Strike
1-1: Called Strike
1-2: Foul Ball, location: 5FF
1-2: Strikes out swinging
Batting: RHB Cliff Hoover 0-0: Called Strike
0-1: Ball
1-1: Foul Ball, location: 2F
1-2: Strikes out swinging
Batting: RHB Jeff Brown 0-0: Fly out, F8 (Flyball, 8RM, EV 88.8 MPH)
Top of the 2nd over - 0 runs, 0 hits, 0 errors, 0 left on base; DSL Houston 0 - DSL Pittsburgh 0
BOTTOM OF THE 2ND
DSL Pittsburgh Pirates batting - Pitching for DSL Houston Astros : LHP Alex Wilson
Batting: LHB Jon Rice 0-0: Foul Ball, location: 2F
0-1: Ball
1-1: Hit by Pitch
Batting: RHB Kevin Williams 0-0: Ball
1-0: Foul Ball, location: 2F
1-1: Ball
2-1: DOUBLE (Line Drive, 7LM, EV 108.1 MPH)
Jon Rice to third
Batting: RHB Micah Ravenscroft 0-0: Called Strike
0-1: Swinging Strike
0-2: Fly out, F9 (Flyball, 9, EV 97.5 MPH)
Runner from 3rd tags up, OUT at HOME! 9-2
Kevin Williams to third
Batting: RHB Walt Mora 0-0: Ball
1-0: Ball
2-0: Ball
3-0: Called Strike
3-1: Base on Balls
Batting: RHB Brian Hoyles 0-0: Ball
1-0: SINGLE (Groundball, 56D, EV 108.8 MPH)
Kevin Williams scores
Walt Mora to second
Batting: RHB Carlitos Criado 0-0: Called Strike
0-1: SINGLE (Groundball, 6MD, EV 95.6 MPH)
Walt Mora to third
Brian Hoyles to second
Runner from 3rd tries for Home, SAFE, throw by CF to home
Brian Hoyles to third
Carlitos Criado to second
Batting: RHB Héctor Pueblo 0-0: DOUBLE (Groundball, 3L, EV 95.6 MPH)
Brian Hoyles scores
Carlitos Criado scores
Batting: SHB Ryoma Silva 0-0: Ball
1-0: Foul Ball, location: 3F
1-1: DOUBLE (Line Drive, 9LS, EV 107.5 MPH)
Héctor Pueblo scores
Batting: LHB Jake Abreu 0-0: Ball
1-0: Ball
2-0: Called Strike
2-1: Foul Ball, location: 7LDF
2-2: Ball
3-2: Base on Balls
Batting: LHB Jon Rice 0-0: Ball
1-0: Ball
2-0: Foul Ball, location: 25F
2-1: Ball
3-1: Swinging Strike
3-2: Base on Balls
Ryoma Silva to third
Jake Abreu to second
Batting: RHB Kevin Williams 0-0: Ball
1-0: DOUBLE (Line Drive, 9LS, EV 91.9 MPH)
Ryoma Silva scores
Jake Abreu scores
Jon Rice to third
Pitching: RHP Brendan Potts
Batting: RHB Micah Ravenscroft 0-0: Swinging Strike
0-1: Swinging Strike
0-2: Foul Ball, location: 2F
0-2: Ball
1-2: Foul Ball, location: 2F
1-2: Strikes out looking
Bottom of the 2nd over - 7 runs, 6 hits, 0 errors, 2 left on base; DSL Houston 0 - DSL Pittsburgh 7
TOP OF THE 3RD
DSL Houston Astros batting - Pitching for DSL Pittsburgh Pirates : LHP Oscar Ayers
Batting: SHB Joe Pratt 0-0: Ball
1-0: Ball
2-0: Called Strike
2-1: Ball
3-1: Base on Balls
Batting: RHB Alfredo Pacheco 0-0: Fly out, F7 (Flyball, 7, EV 90.0 MPH)
Batting: RHB Dave Byers 0-0: Ball
1-0: Fly out, F2 (Popup, 23F, EV 84.4 MPH)
Batting: RHB Gabe Hurt 0-0: Swinging Strike
0-1: Ball
1-1: Called Strike
1-2: Strikes out swinging
Top of the 3rd over - 0 runs, 0 hits, 0 errors, 1 left on base; DSL Houston 0 - DSL Pittsburgh 7
BOTTOM OF THE 3RD
DSL Pittsburgh Pirates batting - Pitching for DSL Houston Astros : RHP Brendan Potts
Batting: RHB Walt Mora 0-0: Ball
1-0: Ball
2-0: Swinging Strike
2-1: Foul Ball, location: 7LSFF
2-2: Ball
3-2: Strikes out looking
Batting: RHB Brian Hoyles 0-0: Ball
1-0: Called Strike
1-1: Foul Ball, location: 7LSF
1-2: Strikes out swinging
Batting: RHB Carlitos Criado 0-0: Ball
1-0: Ball
2-0: SINGLE (Line Drive, 5D, EV 94.4 MPH)
Batting: RHB Héctor Pueblo 0-0: Ball
1-0: Foul Ball, location: 5FF
1-1: Fly out, F7 (Flyball, 7D, EV 85.0 MPH)
Bottom of the 3rd over - 0 runs, 1 hit, 0 errors, 1 left on base; DSL Houston 0 - DSL Pittsburgh 7
TOP OF THE 4TH
DSL Houston Astros batting - Pitching for DSL Pittsburgh Pirates : LHP Oscar Ayers
Batting: RHB Hugh Burns 0-0: Ball
1-0: Called Strike
1-1: Ball
2-1: Called Strike
2-2: Strikes out swinging
Batting: RHB Rob Wilson 0-0: Swinging Strike
0-1: Ball
1-1: Foul Ball, location: 2F
1-2: Strikes out swinging
Batting: RHB Randy Warner 0-0: Fly out, F9 (Flyball, 9S, EV 95.0 MPH)
Top of the 4th over - 0 runs, 0 hits, 0 errors, 0 left on base; DSL Houston 0 - DSL Pittsburgh 7
BOTTOM OF THE 4TH
DSL Pittsburgh Pirates batting - Pitching for DSL Houston Astros : RHP Brendan Potts
Batting: SHB Ryoma Silva 0-0: Ball
1-0: Ball
2-0: Ball
3-0: Called Strike
3-1: Called Strike
3-2: Foul Ball, location: 2F
3-2: Foul Ball, location: 2F
3-2: Foul Ball, location: 23F
3-2: Foul Ball, location: 3F
3-2: Fly out, F8 (Flyball, 8LD, EV 95.6 MPH)
Batting: LHB Jake Abreu 0-0: Ball
1-0: Ball
2-0: Called Strike
2-1: Ball
3-1: Base on Balls
DELAY Rain delay of 30 minutes in the 4th inning.
Batting: LHB Jon Rice 0-0: Ball
1-0: Ball
2-0: Called Strike
2-1: Ball
3-1: Base on Balls
Jake Abreu to second
Batting: RHB Kevin Williams 0-0: Called Strike
0-1: Fielders Choice at 2nd, 1-6 (Groundball, 34S, EV 61.9 MPH)
Jake Abreu to third
Batting: RHB Micah Ravenscroft 0-0: Foul Ball, location: 5FF
0-1: Ball
1-1: Called Strike
1-2: Ball
2-2: Strikes out swinging
Bottom of the 4th over - 0 runs, 0 hits, 0 errors, 2 left on base; DSL Houston 0 - DSL Pittsburgh 7
TOP OF THE 5TH
DSL Houston Astros batting - Pitching for DSL Pittsburgh Pirates : LHP Oscar Ayers
Batting: RHB Cliff Hoover 0-0: Called Strike
0-1: Ball
1-1: Swinging Strike
1-2: Foul Ball, location: 3F
1-2: Strikes out swinging
Batting: RHB Jeff Brown 0-0: Ball
1-0: Ball
2-0: Called Strike
2-1: Ball
3-1: Base on Balls
Batting: SHB Joe Pratt 0-0: Called Strike
Jeff Brown steals 2nd base
0-1: Ball
1-1: Ball
2-1: Ball
3-1: Foul Ball, location: 2F
3-2: Strikes out looking
Batting: RHB Alfredo Pacheco 0-0: Foul Ball, location: 2F
0-1: Called Strike
0-2: Ground out 5-3 (Groundball, 5S, EV 90.6 MPH)
Top of the 5th over - 0 runs, 0 hits, 0 errors, 1 left on base; DSL Houston 0 - DSL Pittsburgh 7
BOTTOM OF THE 5TH
DSL Pittsburgh Pirates batting - Pitching for DSL Houston Astros : RHP Brendan Potts
Batting: RHB Walt Mora 0-0: Ball
1-0: Foul Ball, location: 2F
1-1: Swinging Strike
1-2: Foul Ball, location: 5F
1-2: Strikes out looking
Batting: RHB Brian Hoyles 0-0: Ground out 5-3 (Groundball, 56S, EV 70.6 MPH)
Batting: RHB Carlitos Criado 0-0: SINGLE (Groundball, 5D, EV 95.0 MPH)
Batting: RHB Héctor Pueblo 0-0: Called Strike
0-1: Foul Ball, location: 2F
0-2: Strikes out swinging
Bottom of the 5th over - 0 runs, 1 hit, 0 errors, 1 left on base; DSL Houston 0 - DSL Pittsburgh 7
TOP OF THE 6TH
DSL Houston Astros batting - Pitching for DSL Pittsburgh Pirates : LHP Oscar Ayers
Batting: RHB Dave Byers 0-0: SINGLE (Line Drive, 78S, EV 111.3 MPH)
Batting: RHB Gabe Hurt 0-0: Called Strike
Dave Byers steals 2nd base (no throw)
0-1: Ball
1-1: Ball
2-1: Foul Ball, location: 2F
2-2: DOUBLE (Line Drive, 9LM, EV 98.8 MPH)
Dave Byers scores
Batting: RHB Hugh Burns 0-0: Foul Ball, location: 2F
0-1: SINGLE (Groundball, 15S, EV 68.1 MPH) (infield hit)
Gabe Hurt to third
Batting: RHB Rob Wilson 0-0: Called Strike
0-1: Grounds into double play, 5-4-3 (Groundball, 5, EV 83.8 MPH)
Gabe Hurt scores
Batting: RHB Randy Warner 0-0: Ball
1-0: Called Strike
1-1: Swinging Strike
1-2: Ball
2-2: Strikes out swinging
Top of the 6th over - 2 runs, 3 hits, 0 errors, 0 left on base; DSL Houston 2 - DSL Pittsburgh 7
BOTTOM OF THE 6TH
DSL Pittsburgh Pirates batting - Pitching for DSL Houston Astros : RHP Brendan Potts
Batting: SHB Ryoma Silva 0-0: Called Strike
0-1: Foul Ball, location: 2F
0-2: SOLO HOME RUN (Flyball, 89XD, EV 104.4 MPH), Distance : 420 ft
Batting: LHB Jake Abreu 0-0: Ball
1-0: DOUBLE (Flyball, 78XD, EV 95.0 MPH)
Batting: LHB Jon Rice 0-0: Ball
1-0: Ball
2-0: Foul Ball, location: 2F
2-1: Ball
3-1: Base on Balls
Pitching: RHP Juan Montaño
Batting: RHB Kevin Williams 0-0: Ball
1-0: DOUBLE (Line Drive, 78D, EV 99.4 MPH)
Jake Abreu scores
Jon Rice to third
Batting: RHB Micah Ravenscroft 0-0: 3-RUN HOME RUN (Flyball, 9D, EV 100.0 MPH), Distance : 381 ft
Batting: RHB Walt Mora 0-0: Ball
1-0: Ball
2-0: Fly out, F8 (Flyball, 8RM, EV 78.1 MPH)
Batting: RHB Brian Hoyles 0-0: Reached on error, E5 (Groundball, 5L, EV 106.9 MPH)
Batting: RHB Carlitos Criado 0-0: Ball
1-0: Ball
2-0: Ball
3-0: Base on Balls
Brian Hoyles to second
Batting: RHB Héctor Pueblo 0-0: Ball
1-0: Ball
2-0: Ball
3-0: Base on Balls
Brian Hoyles to third
Carlitos Criado to second
Batting: SHB Ryoma Silva 0-0: Grounds into double play, 5-2-3 (Groundball, 56, EV 108.8 MPH)
Bottom of the 6th over - 5 runs, 4 hits, 1 error, 2 left on base; DSL Houston 2 - DSL Pittsburgh 12
TOP OF THE 7TH
DSL Houston Astros batting - Pitching for DSL Pittsburgh Pirates : LHP Oscar Ayers
Pinch Hitting: RHB Joe Donaldson 0-0: Ball
1-0: Foul Ball, location: 2F
1-1: Ball
2-1: SOLO HOME RUN (Flyball, 7D, EV 103.1 MPH), Distance : 371 ft
Pinch Hitting: LHB Claude Michael 0-0: Swinging Strike
0-1: Ball
1-1: Ball
2-1: Foul Ball, location: 3F
2-2: Foul Ball, location: 7LDF
2-2: Strikes out swinging
Batting: SHB Joe Pratt 0-0: Called Strike
0-1: Ball
1-1: Ground out 5-3 (Groundball, 5L, EV 106.3 MPH)
Batting: RHB Alfredo Pacheco 0-0: Ball
1-0: Swinging Strike
1-1: Ball
2-1: Called Strike
2-2: Strikes out swinging
Top of the 7th over - 1 run, 1 hit, 0 errors, 0 left on base; DSL Houston 3 - DSL Pittsburgh 12
BOTTOM OF THE 7TH
DSL Pittsburgh Pirates batting - Pitching for DSL Houston Astros : RHP Juan Montaño
Now at 3B: Joe Donaldson
Now in LF: Claude Michael
Pinch Hitting: RHB Ron Jordan 0-0: Called Strike
0-1: Ball
1-1: Ball
2-1: Foul Ball, location: 2F
2-2: Foul Ball, location: 2F
2-2: Fly out, F6 (Line Drive, 6M, EV 67.5 MPH)
Batting: LHB Jon Rice 0-0: Called Strike
0-1: Ball
1-1: Ball
2-1: Foul Ball, location: 2F
2-2: Ball
3-2: SOLO HOME RUN (Flyball, 89XD, EV 107.5 MPH), Distance : 398 ft
Pinch Hitting: RHB Raúl Santos 0-0: Ball
1-0: Ground out 2-3 (Groundball, 15S, EV 72.5 MPH)
Pinch Hitting: RHB Juan García 0-0: Ball
1-0: Ball
2-0: Called Strike
2-1: Called Strike
2-2: Strikes out swinging
Bottom of the 7th over - 1 run, 1 hit, 0 errors, 0 left on base; DSL Houston 3 - DSL Pittsburgh 13
TOP OF THE 8TH
DSL Houston Astros batting - Pitching for DSL Pittsburgh Pirates : LHP Oscar Ayers
Now at 1B: Jim Maddox
Now in CF: Raúl Santos
Now in RF: Juan García
Batting: RHB Dave Byers 0-0: Called Strike
0-1: Swinging Strike
0-2: Foul Ball, location: 2F
0-2: Ball
1-2: Strikes out swinging
Pinch Hitting: SHB Cris Núñez 0-0: Foul Ball, location: 2F
0-1: Ball
1-1: Ball
2-1: Ground out 4-3 (Groundball, 4, EV 93.1 MPH)
Batting: RHB Hugh Burns 0-0: Ball
1-0: Swinging Strike
1-1: Foul Ball, location: 9LSF
1-2: Ball
2-2: Ball
3-2: Base on Balls
Pitching: RHP Lonnie Parent
Pinch Hitting: LHB Ed Benton 0-0: Called Strike
0-1: Ball
1-1: Ball
2-1: Ball
3-1: Swinging Strike
3-2: Base on Balls
Hugh Burns to second
Batting: RHB Randy Warner 0-0: Called Strike
0-1: Swinging Strike
0-2: Ball
1-2: Ball
2-2: Ball
3-2: Base on Balls
Hugh Burns to third
Ed Benton to second
Pinch Hitting: LHB Jorge Ramos 0-0: Ball
1-0: Ball
2-0: Ball
3-0: Base on Balls
Hugh Burns scores
Ed Benton to third
Randy Warner to second
Batting: LHB Claude Michael 0-0: Ball
1-0: Foul Ball, location: 2F
1-1: Swinging Strike
1-2: Strikes out looking
Top of the 8th over - 1 run, 0 hits, 0 errors, 3 left on base; DSL Houston 4 - DSL Pittsburgh 13
BOTTOM OF THE 8TH
DSL Pittsburgh Pirates batting - Pitching for DSL Houston Astros : RHP Juan Montaño
Now at 1B: Mike Tucker
Now at 3B: Robbie Ashe
Now in RF: Jorge Ramos
Pinch Hitting: RHB Remi Paolucci 0-0: Called Strike
0-1: Foul Ball, location: 2F
0-2: Ball
1-2: Foul Ball, location: 2RF
1-2: Strikes out swinging
Pinch Hitting: RHB Mike Marshall 0-0: Called Strike
0-1: Ball
1-1: Ball
2-1: Foul Ball, location: 25F
2-2: Ball
3-2: Base on Balls
Batting: RHB Carlitos Criado 0-0: Called Strike
0-1: Foul Ball, location: 2F
0-2: Foul Ball, location: 2F
0-2: Strikes out swinging
Pinch Hitting: RHB Juan Ontiveros 0-0: Ball
1-0: Foul Ball, location: 2F
1-1: Foul Ball, location: 9LSF
1-2: Ball
2-2: Fly out, F7 (Flyball, 7LM, EV 85.6 MPH)
Bottom of the 8th over - 0 runs, 0 hits, 0 errors, 1 left on base; DSL Houston 4 - DSL Pittsburgh 13
TOP OF THE 9TH
DSL Houston Astros batting - Pitching for DSL Pittsburgh Pirates : RHP Lonnie Parent
Now at 1B: Juan Ontiveros
Now at 2B: Remi Paolucci
Now at SS: Jim Maddox
Now in LF: Mike Marshall
Pinch Hitting: LHB Jon Burton 0-0: Called Strike
0-1: Called Strike
0-2: Ball
1-2: Foul Ball, location: 3F
1-2: Ball
2-2: Strikes out swinging
Pinch Hitting: SHB Derek Webb 0-0: Foul Ball, location: 2F
0-1: Called Strike
0-2: Hit by Pitch
Batting: RHB Dave Byers 0-0: Ball
1-0: Called Strike
1-1: Ball
2-1: Ball
3-1: Base on Balls
Derek Webb to second
Batting: LHB Robbie Ashe 0-0: Ball
1-0: Ball
2-0: Swinging Strike
2-1: Ball
3-1: Base on Balls
Derek Webb to third
Dave Byers to second
Batting: RHB Hugh Burns 0-0: Called Strike
0-1: Ball
Wild Pitch!
Derek Webb scores
Dave Byers to third
Robbie Ashe to second
1-1: Ground out 6-3 (Groundball, 6, EV 86.3 MPH)
Dave Byers scores
Pinch Hitting: LHB Greg Shelton 0-0: Ball
1-0: Swinging Strike
1-1: Ball
2-1: Swinging Strike
2-2: Strikes out looking
Top of the 9th over - 2 runs, 0 hits, 0 errors, 1 left on base; DSL Houston 6 - DSL Pittsburgh 13
Wednesday, April 3rd , 2024 - OOTP Baseball 24.10 Build 82